 Dungeon Crawl Stone Soup version 0.23.2-1-ga50397a6bc (webtiles) character file.

Game seed: 10251614614454421437

199 Freyura the Covered (level 5, -4/33 HPs)
             Began as a Gargoyle Fighter on Apr 17, 2019.
             Slain by Crazy Yiuf
             ... wielding a +3 quarterstaff of chaos
              (7 damage)
             ... on level 2 of the Dungeon.
             The game lasted 00:04:35 (1196 turns).

Freyura the Covered (Gargoyle Fighter)              Turns: 1196, Time: 00:04:35

Health: -4/33      AC: 12    Str: 24    XL:     5   Next: 77%
Magic:  0/5        EV:  8    Int:  9    God:
Gold:   123        SH:  9    Dex: 10    Spells: 4/4 levels left

rFire    . . .     SeeInvis +   a - +0 flail
rCold    . . .     Gourm    .   c - +0 shield
rNeg     + . .     Faith    .   b - +0 scale mail
rPois    ∞         Spirit   .   (no helmet)
rElec    +         Reflect  .   (no cloak)
rCorr    .         Harm     .   j - +0 pair of gloves
MR       .....                  (no boots)
Stlth    ..........             (no amulet)
HPRegen  0.11/turn              i - ring of see invisible
MPRegen  0.09/turn              (no ring)

@: mighty
A: negative energy resistance 1, electricity resistance, unbreathing,
petrification resistance, rot immunity, AC +4
a: no special abilities


You were on level 2 of the Dungeon.
You were not hungry.

You visited 1 branch of the dungeon, and saw 2 of its levels.

You collected 123 gold pieces.

Inventory:

Hand Weapons
 a - a +0 flail (weapon)
Armour
 b - a +0 scale mail (worn)
 c - a +0 shield (worn)
 j - a +0 pair of gloves (worn)
Jewellery
 i - a ring of see invisible (left hand)
Scrolls
 k - 3 scrolls of teleportation {unknown}
 m - 2 scrolls of fear {unknown}
Potions
 d - a potion of might
 e - a potion of heal wounds {unknown}
 g - a potion of curing {unknown}
 h - a potion of flight {unknown}
 l - a potion of brilliance {unknown}
Comestibles
 f - 4 rations


   Skills:
 + Level 4.1 Fighting
 * Level 3.7 Maces & Flails
 + Level 4.1 Armour
 + Level 1.5 Dodging
 + Level 4.0 Shields


You had 4 spell levels left.
You didn't know any spells.
Your spell library was empty.

Dungeon Overview and Level Annotations

Branches:
Dungeon (2/15)

Altars:

Annotations:
D:2 Crazy Yiuf


Innate Abilities, Weirdness & Mutations

You are resistant to torment.
Your stone body is resilient. (AC +4)
You are immune to poison.
You resist negative energy. (rN+)
You are resistant to electric shocks. (rElec)
You can survive without breathing.
You are immune to petrification.
You are immune to rotting.


Message History

Your shield and scale mail prevent you from hitting Crazy Yiuf.
Crazy Yiuf hits you with a +3 quarterstaff of chaos.
* * * LOW HITPOINT WARNING * * *
Crazy Yiuf burns you.
* * * LOW HITPOINT WARNING * * *
Unknown command.
You feel very mighty all of a sudden. Crazy Yiuf barely misses you.
You sock Crazy Yiuf!
Crazy Yiuf is severely wounded.
Crazy Yiuf whimpers, "Papa mumblescurry ladder!"
You block Crazy Yiuf's attack.
You hit Crazy Yiuf.
Crazy Yiuf is almost dead.
Crazy Yiuf screams, "Blight rumpyflump unthinkable!"
You block Crazy Yiuf's attack.
You closely miss Crazy Yiuf.
Crazy Yiuf is almost dead.
Crazy Yiuf hits you with a +3 quarterstaff of chaos!
You die...

#...#######
#.####..######
##.##
###...........
#.#
####.)######
#.# #####
#..(.######
#.# #..)#
#.......#..
#.# #...#
#.#..##....
#.# ...
#.#..##....
#.# #g#
#.#........
#.# ##@#
#.##.......
#.## #.##
#.##.......
#..# ##.#
#..........
#### #.##
#.....#....
##.##
####.#...#..
#...##
#....#####..
#....# ##<..##
##.# ##..##
#..#.###...
#....#
#..##......


You could see Crazy Yiuf.

Vanquished Creatures
  A phantom (D:2)
  A scorpion (D:2)
  3 adders (D:2)
  A dart slug (D:1)
  2 goblins
  6 hobgoblins
  3 jackals (D:1)
  5 kobolds
  A ball python (D:2)
  4 bats
  4 frilled lizards
  5 rats (D:1)
36 creatures vanquished.

Notes
Turn   | Place    | Note
-------+----------+-------------------------------------------
     0 | D:1      | Freyura the Gargoyle Fighter began the quest for the Orb.
     0 | D:1      | Reached XP level 1. HP: 14/14 MP: 1/1
   111 | D:1      | Reached XP level 2. HP: 16/19 MP: 2/2
   329 | D:1      | Reached XP level 3. HP: 19/23 MP: 3/3
   470 | D:2      | Noticed a phantom
   501 | D:2      | Killed a phantom
   501 | D:2      | Reached skill level 1 in Dodging
   501 | D:2      | Reached XP level 4. HP: 23/29 MP: 4/4
   501 | D:2      | Reached XP level 5. HP: 26/33 MP: 5/5
  1181 | D:2      | Found a runed translucent door.
  1182 | D:2      | Noticed Crazy Yiuf
  1186 | D:2      | Paralysed by Crazy Yiuf for 5 turns
  1196 | D:2      | Slain by Crazy Yiuf

Skill      XL: |  1  2  3  4  5 |
---------------+----------------+-----
Maces & Flails | 3 |  3.7
Dodging        | 1 |  1.5
Fighting       | 4 |  4.1
Armour         | 4 |  4.1
Shields        | 4 |  4.0

Action                   |  1- 3 |  4- 6 || total
-------------------------+-------+-------++-------
Melee: Flail             |   107 |    83 ||   190
  Use: Potion            |       |     1 ||     1
  Eat: Chunk             |       |     1 ||     1
Armor: Scale mail        |    67 |    59 ||   126
Dodge: Dodged            |    42 |    31 ||    73
Block: Shield            |    59 |    44 ||   103
